 Dungeon Crawl Stone Soup version 0.25.0-15-gac7dcb8919 (webtiles) character file.

Game seed: 17226452053229183159

179373 Peloso the Peltast (level 17, -1/161 HPs)
             Began as a Minotaur Fighter on June 28, 2020.
             Was the Champion of Okawaru.
             Slain by a merfolk
             ... wielding a +0 trident
              (13 damage)
             ... on level 1 of the Shoals.
             The game lasted 01:48:14 (41750 turns).

Peloso the Peltast (Minotaur Fighter)              Turns: 41750, Time: 01:48:15

Health: -1/161     AC: 34    Str: 29      XL:     17   Next: 60%
Magic:  16/18      EV:  4    Int:  5 (6)  God:    Okawaru [******]
Gold:   3724       SH:  0    Dex:  8      Spells: 16/16 levels left

rFire    . . .     SeeInvis .   b - +7 demon blade (flame)
rCold    + + .     Gourm    .   c - +0 kite shield
rNeg     + . .     Faith    +   e - +2 crystal plate armour
rPois    +         Spirit   .   p - +2 hat {Int+3}
rElec    .         Reflect  .   P - scarf {+Inv}
rCorr    .         Harm     .   k - +2 pair of gloves {archery}
MR       ++...                  Y - +0 pair of boots of the Black Moon {rPois rN+}
Stlth    ..........             U - amulet of faith
HPRegen  0.00/turn              V - ring "Rewnuvuo" {rC+ MR+ Str+3}
MPRegen  0.16/turn              t - ring of the Dripping Madman {+Blink +Fly rC+ Slay+5}

@: lethally poisoned (-1 -> -21), marked, engulfed (cannot breathe), berserk
cooldown, mesmerised, held, slowed, very slow
A: retaliatory headbutt, horns 2, clumsy 2, dopey 1, inhibited regeneration
a: Heroism, Finesse, Renounce Religion, Evoke Blink, Evoke Invisibility, Evoke
Flight


You were on level 1 of the Shoals.
You worshipped Okawaru.
Okawaru was exalted by your worship.
You were not hungry.

You visited 6 branches of the dungeon, and saw 28 of its levels.
You also visited: Ice Cave.

You collected 6959 gold pieces.
You spent 3235 gold pieces at shops.

Inventory:

Hand Weapons
 a - the +4 demon blade of Recklessness {freeze, rElec rN+ Int+7}
   (Okawaru gifted it to you on level 8 of the Dungeon)

   It has been specially enchanted to freeze those struck by it, causing extra
   injury to most foes and up to half again as much damage against particularly
   susceptible opponents.
   It can also slow down cold-blooded creatures.
   It affects your intelligence (+7).
   It insulates you from electricity.
   It protects you from negative energy.
 b - a +7 demon blade of flaming (weapon)
 E - the +10 zealot's sword {holy, *Rage rN+ EV+3}
   (You found it on level 6 of the Lair of Beasts)

   It has been blessed by the Shining One to cause great damage to the undead
   and demons.
   It affects your evasion (+3).
   It protects you from negative energy.
   It may make you go berserk in combat.
Armour
 c - a +0 kite shield (worn)
 e - a +2 crystal plate armour (worn)
 k - a +2 pair of gloves of archery (worn)
 p - a +2 hat of intelligence (worn)
 P - a scarf of invisibility (worn)
 Y - the +0 pair of boots of the Black Moon (worn) {rPois rN+}
   (Okawaru gifted it to you on level 2 of the Orcish Mines)

   It protects you from poison.
   It protects you from negative energy.
Jewellery
 m - an uncursed ring of flight
 t - the ring of the Dripping Madman (right hand) {+Blink +Fly rC+ Slay+5}
   (You bought it in a shop on level 1 of the Orcish Mines)

   [ring of protection from cold]

   It affects your accuracy and damage with ranged weapons and melee attacks
   (+5).
   It protects you from cold.
   It lets you fly.
   It lets you blink.
 z - an uncursed ring of resist corrosion
 G - an uncursed ring of see invisible
 Q - the ring "Pilethis" {rC+ MR+ Int+6 Dex+3}
   (You took it off a wizard on level 11 of the Dungeon)

   [ring of intelligence]

   It affects your intelligence (+6).
   It affects your dexterity (+3).
   It protects you from cold.
   It affects your resistance to hostile enchantments.
 U - an amulet of faith (around neck)
 V - the ring "Rewnuvuo" (left hand) {rC+ MR+ Str+3}
   (You found it on level 2 of the Spider Nest)

   [ring of protection from cold]

   It affects your strength (+3).
   It protects you from cold.
   It affects your resistance to hostile enchantments.
Wands
 L - a wand of digging (7)
Scrolls
 g - 2 scrolls of noise
 j - a scroll of identify
 s - 11 scrolls of teleportation
 u - 10 scrolls of remove curse
 F - a scroll of blinking
 K - 3 scrolls of magic mapping
Potions
 d - 8 potions of might
 i - 3 potions of mutation
 l - 2 potions of haste
 o - 8 potions of curing
 r - 3 potions of resistance
 w - 2 potions of berserk rage
 D - 4 potions of flight
 Z - 5 potions of heal wounds
Comestibles
 f - 44 rations


   Skills:
 + Level 17.1 Fighting
 + Level 18.7 Long Blades
 + Level 16.9 Armour
 + Level 3.4 Dodging
 + Level 2.2 Stealth
 + Level 20.1 Shields
 + Level 3.2 Invocations
 + Level 1.4 Evocations


You had 16 spell levels left.
You didn't know any spells.
Your spell library contained the following spells:

 Spells                   Type           Power        Failure   Level  Hunger
 Beastly Appendage        Tmut           #.....       100%        1    ##.....
 Infusion                 Chrm           #...         100%        1    ##.....
 Magic Dart               Conj           #...         100%        1    ##.....
 Sandblast                Erth           #.....       100%        1    ##.....
 Shock                    Conj/Air       #...         100%        1    ##.....
 Sting                    Tmut/Pois      #...         100%        1    ##.....
 Summon Butterflies       Summ           #.......     100%        1    ##.....
 Blink                    Tloc           N/A          100%        2    ###....
 Call Imp                 Summ           #.......     100%        2    ###....
 Corpse Rot               Necr/Air       N/A          100%        2    ###....
 Passwall                 Tmut/Erth      #.......     100%        2    ###....
 Poisonous Vapours        Pois/Air       #.....       100%        2    ###....
 Shroud of Golubria       Chrm/Tloc      #.....       100%        2    ###....
 Slow                     Hex            #.......     100%        2    ###....
 Song of Slaying          Chrm           #.......     100%        2    ###....
 Sticks to Snakes         Tmut           #.......     100%        2    ###....
 Call Canine Familiar     Summ           #.......     100%        3    ####...
 Conjure Flame            Conj/Fire      #.......     100%        3    ####...
 Gell's Gravitas          Tloc           #.........   100%        3    ####...
 Ignite Poison            Fire/Tmut/Pois #.......     100%        3    ####...
 Mephitic Cloud           Conj/Pois/Air  #.......     100%        3    ####...
 Ozocubu's Armour         Chrm/Ice       #.......     100%        3    ####...
 Recall                   Summ/Tloc      N/A          100%        3    ####...
 Spectral Weapon          Hex/Chrm       #.......     100%        3    ####...
 Spider Form              Tmut/Pois      #.........   100%        3    ####...
 Stone Arrow              Conj/Erth      #.....       100%        3    ####...
 Animate Dead             Necr           N/A          100%        4    #####..
 Cause Fear               Hex            #.........   100%        4    #####..
 Ice Form                 Ice/Tmut       #.......     100%        4    #####..
 Olgreb's Toxic Radiance  Pois           #.......     100%        4    #####..
 Petrify                  Tmut/Erth      #.......     100%        4    #####..
 Summon Ice Beast         Ice/Summ       #.......     100%        4    #####..
 Alistair's Intoxication  Tmut/Pois      #.......     100%        5    ######.
 Blade Hands              Tmut           #.........   100%        5    ######.
 Bolt of Magma            Conj/Fire/Erth #.........   100%        5    ######.
 Borgnjor's Vile Clutch   Necr/Erth      #.........   100%        5    ######.
 Irradiate                Conj/Tmut      #.........   100%        5    ######.
 Iskenderun's Battlesphe  Conj/Chrm      #.......     100%        5    ######.
 Lee's Rapid Deconstruct  Erth           #.........   100%        5    ######.
 Silence                  Hex/Air        #.........   100%        5    ######.
 Summon Mana Viper        Hex/Summ       #.......     100%        5    ######.
 Yara's Violent Unravell  Hex/Tmut       #.........   100%        5    ######.
 Death Channel            Necr           #.........   100%        6    #######
 Eringya's Noxious Bog    Tmut/Pois      #.........   100%        6    #######
 Freezing Cloud           Conj/Ice/Air   #.........   100%        6    #######
 Hydra Form               Tmut           #.........   100%        6    #######
 Iron Shot                Conj/Erth      #.........   100%        6    #######
 Simulacrum               Ice/Necr       #.........   100%        6    #######
 Statue Form              Tmut/Erth      #........    100%        6    #######
 Dragon Form              Tmut           #.........   100%        7    #######
 Malign Gateway           Summ/Tloc      #.........   100%        7    #######
 Orb of Destruction       Conj           #.........   100%        7    #######
 Ring of Flames           Chrm/Fire      #.........   100%        7    #######
 Spellforged Servitor     Conj/Summ      #.........   100%        7    #######
 Summon Hydra             Summ           #.........   100%        7    #######
 Chain Lightning          Conj/Air       #.........   100%        8    #######
 Discord                  Hex            #.........   100%        8    #######
 Lehudib's Crystal Spear  Conj/Erth      #.........   100%        8    #######
 Absolute Zero            Ice            #.........   100%        9    #######
 Fire Storm               Conj/Fire      #.........   100%        9    #######


Dungeon Overview and Level Annotations

Branches:
Dungeon (15/15)            Temple (1/1) D:4            Lair (6/6) D:8
 Shoals (1/4) Lair:3       Spider (3/4) Lair:3        Slime (0/5) Lair:5
    Orc (2/2) D:12            Elf (0/3) Orc:2        Vaults (0/5) D:14
 Depths (0/5) D:15          IceCv (visited)

Altars:
Ashenzari
Cheibriados
Dithmenos
Elyvilon
Fedhas
Gozag
Hepliaklqana
Kikubaaqudgha
Makhleb
Nemelex Xobeh
Okawaru
Qazlal
Ru
Sif Muna
Trog
Uskayaw
Vehumet
Wu Jian
Xom
Yredelemnul
Zin
The Shining One
Jiyva

Shops:
D:5 (   D:7 :%!   D:9 [   D:13 }   Orc:1 =   Orc:2 [*:[!

Portals:
Abyss: Spider:3


Innate Abilities, Weirdness & Mutations

You reflexively headbutt those who attack you in melee.
You have a pair of horns on your head.
You are very clumsy. (Dex -4)
You are dopey. (Int -2)
You do not regenerate when monsters are visible.


Message History

The merfolk siren chants its luring song.
The snapping turtle bites you from afar.
* * * LOW HITPOINT WARNING * * *
A merfolk siren comes into view. It is wielding a +0 trident.
The merfolk siren chants its luring song.
You feel much better.
* * * LOW HITPOINT WARNING * * *
Your lungs strain for air!
The sea snake bites you but does no damage.
The water elemental barely misses you. You furiously retaliate!
You headbutt the water elemental!
The merfolk hits you but does no damage.
The merfolk impaler hits you from afar with a +3 trident of venom!
* * * LOW HITPOINT WARNING * * *
You are lethally poisoned!
The merfolk hits you from afar with a +0 trident.
* * * LOW HITPOINT WARNING * * *
The merfolk siren chants its luring song.
The merfolk hits you from afar with a +0 trident!
You die...

.## ####.≈≈≈≈≈≈≈ .
..##....≈≈≈≈≈≈≈ ..
........mm≈≈≈≈≈ ...
..m.....≈≈≈≈H≈≈
.... .m....≈≈≈≈≈≈≈
..... #.....≈≈≈≈≈≈
......##<..m.m≈≈≈≈≈
P.≈##.†#mS...≈≈≈≈≈
....≈≈≈†Ht.@E≈≈≈≈≈≈
.^..##.≈Hm..≈≈≈≈≈≈≈
P.P...##≈m≈≈≈≈≈≈≈≈.
....P. #≈≈≈###≈≈≈≈.
.......≈≈≈≈ ≈≈≈≈.
.......≈≈≈≈≈ ≈≈≈≈
......≈≈≈≈≈≈≈ ≈≈≈≈
.≈≈≈≈≈≈≈≈≈≈ ≈≈≈


You could see a merfolk impaler, a sea snake, a snapping turtle, 3 merfolk, 3
manticores, a water elemental and 5 merfolk sirens.

Vanquished Creatures
  Rupert (Lair:5)
  An Ice Fiend (IceCv)
  The ghost of Vuykkinei the Brawler, an adept TrBe of Trog (Spider:3)
  An Executioner (D:13)
  Kirke (Spider:2)
  Agnes (Spider:1)
  Donald (Orc:2)
  A daeva (Spider:3)
  Aizul (Spider:2)
  4 emperor scorpions
  3 ghost moths
  An orc warlord (Orc:1)
  The ghost of Lomuyh the Thaumaturge, a journeyman GnSk of Makhleb (Spider:2)
  A cacodemon (Spider:3)
  2 entropy weavers (Spider:3)
  A dire elephant (D:15)
  3 spark wasps
  Snorg (D:14)
  The ghost of Curus the Carver, a journeyman HOFi of Trog (Lair:1)
  A vault guard (D:14)
  An ice dragon (D:11)
  7 hydras
  2 centaur warriors
  4 catoblepae
  A death knight (D:15)
  12 two-headed ogres
  2 ogre magi (Orc:2)
  A deep troll earth mage (D:13)
  The ghost of Syrinius the Fighter, a novice DrWr of Fedhas (D:10)
  23 death yaks
  A thrashing horror (Spider:3)
  An orc high priest (Orc:1)
  Sonja (Lair:4)
  2 unseen horrors
  2 deep trolls (Orc:2)
  4 wizards
  A glowing orange brain (Spider:3)
  A phantasmal warrior (D:15)
  2 orange crystal statues
  Pikel (D:4)
  9 orb spiders
  A wolf spider zombie (D:13)
  3 harpies (Shoals:1)
  6 ugly things
  2 orc sorcerers (D:11)
  A necromancer (D:14)
  5 oklob plants (Lair:4)
  17 wolf spiders
  5 cyclopes
  A worldbinder (Spider:3)
  A salamander (D:15)
  8 manticores
  2 deep elf magi
  A centaur zombie (D:11)
  A moth of wrath (D:10)
  2 black mambas
  3 ice statues (IceCv)
  5 gargoyles
  A torpor snail (Lair:6)
  A hellion (Spider:3)
  12 spiny frogs
  3 rime drakes
  3 freezing wraiths (D:15)
  2 anaconda simulacra (IceCv)
  A kobold demonologist (D:14)
  An efreet (D:13)
  3 komodo dragons
  11 ice devils (IceCv)
  9 demonic crawlers
  17 jumping spiders
  A golden dragon simulacrum (IceCv)
  A tengu conjurer (D:13)
  15 trolls
  3 meliai (D:14)
  A spectral dream sheep (Lair:1)
  A hornet (Spider:2)
  29 blink frogs
  11 hippogriffs
  15 slime creatures
  A raiju (Spider:3)
  4 dream sheep (Lair:6)
  2 spectral black mambas (Lair:1)
  3 shadows
  4 wraiths
  47 redbacks
  25 tarantellas
  A spriggan (D:7)
  6 wyverns
  A fire elemental (D:15)
  24 humans
  A steam dragon (Lair:3)
  74 yaks
  5 hungry ghosts
  2 basilisks
  3 hogs (Spider:2)
  2 soldier ants
  5 swamp worms (D:13)
  5 harpy simulacra (IceCv)
  A large abomination (Spider:3)
  4 wargs
  18 water moccasins
  2 hydra simulacra
  4 acid dragons
  6 porcupines
  4 sky beasts
  4 black bears
  A hornet zombie (D:7)
  4 phantoms
  3 ice beasts
  An ettin simulacrum (IceCv)
  An eye of draining (D:11)
  25 orc warriors
  28 ogres
  12 centaurs
  12 crocodiles
  6 big kobolds
  Blork the orc (D:4)
  16 bullfrogs
  A water moccasin zombie (D:11)
  3 wyvern skeletons
  4 scorpions
  7 killer bees
  4 wights (D:8)
  2 howler monkeys (D:8)
  5 electric eels
  A torpor snail simulacrum (Lair:1)
  2 crimson imps (D:9)
  A bullfrog skeleton (D:5)
  2 quasits
  2 gnoll shamans
  23 orc priests
  7 centaur skeletons
  3 jellies
  29 orc wizards
  2 iguanas
  2 hounds
  Terence (D:3)
  Natasha (twice) (D:4)
  11 worker ants
  A killer bee zombie (D:8)
  A hound zombie (D:6)
  2 hound skeletons (D:4)
  A worker ant zombie (D:11)
  Robin (D:3)
  18 adders
  10 gnolls
  A howler monkey skeleton (D:8)
  3 shadow imps
  A white imp (D:9)
  An ooze (D:1)
  2 adder zombies
  A worm (D:2)
  4 leopard geckos
  95 orcs
  A ball python (D:3)
  4 bats
  7 giant cockroaches
  19 goblins
  11 hobgoblins
  20 jackals
  19 kobolds
  4 quokkas (D:4)
  8 frilled lizards
  A jackal zombie (D:8)
  3 leopard gecko skeletons
  2 quokka skeletons
  A quokka zombie (D:5)
  4 rats
  17 briar patches (D:13)
  A bush (Lair:2)
  6 fungi
  4 plants
1068 creatures vanquished.

Vanquished Creatures (others)
  An entropy weaver (Spider:2)
  2 orb spiders (Spider:2)
  A wolf spider (Spider:2)
  A tarantella (Spider:2)
  Natasha (D:4)
  2 orcs (D:4)
  13 briar patches (D:13)
  11 fungi
  4 plants
36 creatures vanquished.

Grand Total: 1104 creatures vanquished

Notes
Turn   | Place    | Note
-------+----------+-------------------------------------------
     0 | D:1      | Peloso the Minotaur Fighter began the quest for the Orb.
     0 | D:1      | Reached XP level 1. HP: 19/19 MP: 0/0
    80 | D:1      | Reached XP level 2. HP: 5/27 MP: 1/1
    84 | D:1      | HP: 1/27 [kobold (2)]
   489 | D:1      | Reached skill level 4 in Shields
   591 | D:1      | Reached XP level 3. HP: 33/33 MP: 2/2
  1424 | D:2      | Reached XP level 4. HP: 32/40 MP: 3/3
  2030 | D:3      | Noticed Terence
  2041 | D:3      | Killed Terence
  2041 | D:3      | Reached XP level 5. HP: 37/47 MP: 4/4
  2518 | D:3      | Found a hazy altar of Hepliaklqana.
  2640 | D:3      | Reached skill level 5 in Armour
  3001 | D:3      | Noticed Robin
  3017 | D:3      | Reached XP level 6. HP: 53/53 MP: 5/5
  3021 | D:3      | Killed Robin
  3450 | D:3      | Reached skill level 5 in Shields
  3771 | D:4      | Reached skill level 5 in Fighting
  3771 | D:4      | Reached skill level 5 in Long Blades
  4113 | D:4      | Reached skill level 1 in Dodging
  4227 | D:4      | Reached XP level 7. HP: 47/61 MP: 6/6
  4383 | D:4      | Found a snail-covered altar of Cheibriados.
  4395 | D:4      | Noticed Pikel
  4395 | D:4      | Noticed Natasha
  4413 | D:4      | Killed Pikel
  4413 | D:4      | Reached skill level 6 in Shields
  4413 | D:4      | Reached XP level 8. HP: 26/69 MP: 7/7
  4417 | D:4      | Killed Natasha
  4438 | D:4      | Noticed Natasha
  4460 | D:4      | Killed Natasha
  4508 | D:4      | Noticed Blork the orc
  4514 | D:4      | Killed Blork the orc
  4679 | D:4      | Found a staircase to the Ecumenical Temple.
  4865 | D:4      | Noticed Natasha
  4872 | D:4      | Killed Natasha
  5389 | Temple   | Entered the Ecumenical Temple
  5563 | D:5      | Entered Level 5 of the Dungeon
  5586 | D:5      | Reached skill level 7 in Shields
  5712 | D:5      | Found Daotrasa's Antique Weapon Boutique.
  6520 | D:5      | Found a shimmering blue altar of Sif Muna.
  6520 | D:5      | Found a shadowy altar of Dithmenos.
  6525 | D:5      | Found a faded altar of an unknown god.
  6527 | D:5      | Found a faded altar of an unknown god.
  6528 | D:5      | Found a hide-covered altar of Uskayaw.
  6979 | D:6      | Reached XP level 9. HP: 73/75 MP: 8/8
  7661 | D:7      | Found Ziannabu's Book Emporium.
  7809 | D:7      | Found an iron altar of Okawaru.
  7815 | D:7      | Became a worshipper of Warmaster Okawaru
  7831 | D:7      | Reached skill level 8 in Shields
  7919 | D:7      | Found a blossoming altar of Fedhas.
  8074 | D:7      | Found Dynentun's Distillery.
  8082 | D:7      | Bought a potion of might for 60 gold pieces
  8082 | D:7      | Bought a potion of berserk rage for 75 gold pieces
  8082 | D:7      | Bought a potion of flight for 45 gold pieces
  8082 | D:7      | Bought a potion of stabbing for 60 gold pieces
  8243 | D:7      | Reached * piety under Okawaru
  8352 | D:7      | Reached skill level 10 in Long Blades
  8435 | D:7      | Found Viaham's Food Shop.
  8927 | D:8      | Noticed a death yak
  8928 | D:8      | Noticed a death yak
  8929 | D:8      | Reached skill level 9 in Shields
  8930 | D:8      | Noticed a death yak
  8933 | D:8      | Noticed a death yak
  8938 | D:8      | Noticed a death yak
  8938 | D:8      | Noticed a death yak
  8971 | D:8      | Killed a death yak
  8971 | D:8      | Reached ** piety under Okawaru
  8971 | D:8      | Reached XP level 10. HP: 26/88 MP: 4/9
  9659 | D:9      | Reached *** piety under Okawaru
  9845 | D:9      | Found Morpho Xoetu's Armour Shop.
  9927 | D:9      | Reached skill level 10 in Shields
 10839 | D:10     | Entered Level 10 of the Dungeon
 10960 | D:10     | Found a bloodstained altar of Trog.
 10960 | D:10     | Noticed Syrinius's ghost (novice DrWr)
 10960 | D:10     | Noticed a two-headed ogre
 10961 | D:10     | Noticed a moth of wrath
 10961 | D:10     | Noticed a two-headed ogre
 10978 | D:10     | Found a transporter.
 10982 | D:10     | Noticed a cyclops
 10992 | D:10     | Noticed a purple ugly thing
 11013 | D:10     | Noticed an orange crystal statue
 11046 | D:10     | Killed a purple ugly thing
 11046 | D:10     | Reached skill level 10 in Armour
 11309 | D:10     | Found a transporter.
 11330 | D:10     | Reached XP level 11. HP: 97/97 MP: 10/10
 11344 | D:10     | Reached **** piety under Okawaru
 11633 | D:11     | Noticed an ice dragon
 11650 | D:11     | Killed an ice dragon
 11650 | D:11     | Reached skill level 11 in Shields
 11858 | D:11     | Reached skill level 1 in Invocations
 11975 | D:11     | Identified the ring "Pilethis" {rC+ MR+ Int+6 Dex+3}
 11975 | D:11     | Noticed a wizard
 12003 | D:11     | Killed a wizard
 12273 | D:11     | Noticed an orc sorcerer
 12276 | D:11     | Noticed an orc sorcerer
 12296 | D:11     | Killed an orc sorcerer
 12310 | D:11     | Killed an orc sorcerer
 12310 | D:11     | Reached ***** piety under Okawaru
 12479 | D:11     | Noticed a deep elf mage
 12486 | D:11     | Killed a deep elf mage
 12787 | D:11     | Identified the Reference Book on Air and Toxins
 12841 | D:11     | Reached skill level 1 in Stealth
 13024 | D:11     | Reached skill level 12 in Shields
 13190 | D:11     | Noticed a two-headed ogre
 13204 | D:11     | Killed a two-headed ogre
 13365 | D:11     | Received a gift from Okawaru
 13408 | D:11     | Reached XP level 12. HP: 91/106 MP: 12/12
 13817 | D:9      | Killed a death yak
 13817 | D:9      | Reached skill level 10 in Fighting
 14071 | D:9      | Killed a death yak
 14122 | D:9      | Killed a death yak
 14323 | D:8      | Killed a death yak
 14323 | D:8      | Received a gift from Okawaru
 14375 | D:8      | Got a masterwork demon blade {god gift}
 14376 | D:8      | Identified the +4 demon blade of Recklessness {freeze,
                  | rElec rN+ Int+7} (Okawaru gifted it to you on level 8 of
                  | the Dungeon)
 14432 | D:8      | Killed a death yak
 14541 | D:8      | Found a staircase to the Lair.
 16079 | D:12     | Reached skill level 13 in Shields
 16469 | D:12     | Found a staircase to the Orcish Mines.
 16916 | Lair:1   | Entered Level 1 of the Lair of Beasts
 17140 | Lair:1   | Noticed an eight-headed hydra
 17284 | D:13     | Noticed a deep troll earth mage
 17298 | D:13     | Found a transporter.
 17364 | D:13     | Noticed a seven-headed hydra
 17388 | D:13     | Noticed a catoblepas
 17390 | D:13     | Noticed a centaur warrior
 17720 | D:12     | Killed a centaur warrior
 18024 | Orc:1    | Entered Level 1 of the Orcish Mines
 18089 | Orc:1    | Found Duysaemp's Jewellery Shop.
 18108 | Orc:1    | Noticed an orc high priest
 18119 | Orc:1    | Killed an orc high priest
 18119 | Orc:1    | Received a gift from Okawaru
 18342 | Orc:2    | Entered Level 2 of the Orcish Mines
 18385 | Orc:2    | Noticed Donald
 18405 | Orc:2    | Killed Donald
 18405 | Orc:2    | Reached XP level 13. HP: 88/116 MP: 8/13
 18579 | Orc:2    | Found Penox's Assorted Antiques.
 18644 | Orc:2    | Bought a scroll labeled UKANOP UGEADACS for 28 gold pieces
 18648 | Orc:2    | Identified a scroll of acquirement
 18693 | Orc:1    | Bought the ring of the Dripping Madman {+Blink +Fly rC+
                  | Slay+5} for 931 gold pieces
 18693 | Orc:1    | Bought an uncursed amulet of faith for 600 gold pieces
 18752 | Orc:2    | Noticed an orc warlord
 18985 | Orc:1    | Killed an orc warlord
 18985 | Orc:1    | Reached skill level 14 in Shields
 19256 | Orc:2    | Found a staircase to the Elven Halls.
 19405 | Orc:2    | Reached ****** piety under Okawaru
 19405 | Orc:2    | Reached skill level 15 in Long Blades
 19740 | Orc:2    | Received a gift from Okawaru
 19770 | Orc:2    | Reached skill level 15 in Shields
 19789 | Orc:2    | Got a pair of steaming boots {god gift}
 20076 | Orc:2    | Identified the +0 pair of boots of the Black Moon {rPois
                  | rN+} (Okawaru gifted it to you on level 2 of the Orcish
                  | Mines)
 20112 | Orc:2    | Found Sap Ylug's Distillery.
 20113 | Orc:2    | Found Coegaugae's Antique Armour Shoppe.
 20118 | Orc:2    | Found Jeif's Book Boutique.
 20120 | Orc:2    | Bought a potion of heal wounds for 70 gold pieces
 20120 | Orc:2    | Bought a potion of heal wounds for 70 gold pieces
 20120 | Orc:2    | Bought a potion of berserk rage for 70 gold pieces
 20120 | Orc:2    | Bought a potion of heal wounds for 70 gold pieces
 20123 | Orc:2    | Found Bueteb's Armour Emporium.
 20143 | Orc:2    | Bought fine swamp dragon scales for 1100 gold pieces
 20164 | Orc:2    | Identified the +2 swamp dragon scales of Parts Unknown
                  | {+Blink rPois Stlth+} (You bought it in a shop on level 2
                  | of the Orcish Mines)
 20758 | Orc:2    | Bought a scroll of identify for 56 gold pieces
 21034 | Lair:1   | Found a basalt altar of Yredelemnul.
 21136 | Lair:1   | Found a runed translucent gate.
 21137 | Lair:1   | Found a runed translucent gate.
 21152 | Lair:1   | Found a runed translucent gate.
 21154 | Lair:1   | Noticed Curus's ghost (journeyman HOFi)
 21192 | Lair:1   | Killed Curus's ghost
 21192 | Lair:1   | Reached XP level 14. HP: 119/127 MP: 12/14
 21632 | D:10     | Killed Syrinius's ghost
 22230 | D:13     | Found a transporter.
 22335 | D:13     | Received a gift from Okawaru
 22353 | D:13     | Found Lusikozy's Gadget Boutique.
 22647 | D:13     | Reached skill level 16 in Shields
 24759 | Lair:3   | Found a staircase to the Shoals.
 24833 | Lair:3   | Received a gift from Okawaru
 25134 | Lair:3   | Found a hole to the Spider Nest.
 25733 | Lair:4   | Noticed Sonja
 25751 | Lair:4   | Killed Sonja
 26005 | Lair:4   | Reached skill level 17 in Shields
 26221 | Lair:4   | Got a translucent chain mail
 26251 | Lair:4   | Identified the +1 chain mail of Paranoia {Regen+} (You
                  | found it on level 4 of the Lair of Beasts)
 26515 | Lair:4   | Received a gift from Okawaru
 26528 | Lair:4   | Reached XP level 15. HP: 49/137 MP: 15/15
 27002 | Lair:4   | Reached skill level 1 in Evocations
 27210 | Lair:5   | Got a twisted great mace
 27211 | Lair:5   | Identified the +9 great mace of Konlaoti {venom, Str+7}
                  | (You found it on level 5 of the Lair of Beasts)
 27252 | Lair:5   | Found a runed translucent door.
 27253 | Lair:5   | Found a viscous altar of Jiyva.
 27255 | Lair:5   | Found a staircase to the Slime Pits.
 27270 | Lair:5   | Got a crude lapis lazuli ring
 27273 | Lair:5   | Identified the ring "Luereuw" {rPois rC+ MP+9 Dex-5} (You
                  | found it on level 5 of the Lair of Beasts)
 27330 | Lair:5   | Got a buzzing plate armour
 27341 | Lair:5   | Identified the +1 plate armour of Gluttony {Regen+} (You
                  | found it on level 5 of the Lair of Beasts)
 27536 | Lair:5   | Noticed Rupert
 27547 | Lair:5   | Killed Rupert
 28154 | Lair:6   | Entered Level 6 of the Lair of Beasts
 28425 | Lair:6   | Received a gift from Okawaru
 28631 | Lair:6   | Reached skill level 15 in Armour
 29153 | Lair:6   | Received a gift from Okawaru
 29212 | Lair:6   | Found the +10 zealot's sword {holy, *Rage rN+ EV+3}
 30296 | D:14     | Noticed Snorg
 30302 | D:14     | Killed Snorg
 30414 | D:14     | Got a shimmering kite shield
 30420 | D:14     | Identified the cursed +0 kite shield "Dautui Xaum" {-Tele
                  | rF+ rN+ Int+6} (You found it on level 14 of the Dungeon)
 30465 | D:14     | Identified the Volume of Earthen Dislocation
 30497 | D:14     | Reached skill level 15 in Fighting
 30505 | D:14     | Received a gift from Okawaru
 30538 | D:14     | Got a fine scimitar {god gift}
 30539 | D:14     | Identified the +7 scimitar of Wondrous Power {freeze, +Rage
                  | rPois Dex+4} (Okawaru gifted it to you on level 14 of the
                  | Dungeon)
 30730 | D:14     | Reached skill level 18 in Shields
 31388 | D:14     | Reached XP level 16. HP: 149/149 MP: 16/16
 31487 | D:14     | Found a gate to the Vaults.
 31753 | D:15     | Entered Level 15 of the Dungeon
 31969 | D:15     | Received a gift from Okawaru
 32322 | D:15     | Found a staircase to the Depths.
 33799 | D:13     | Paralysed by a Zot trap for 2 turns
 33807 | D:13     | Noticed an Executioner
 34192 | D:13     | Killed an Executioner
 34229 | D:13     | Got a faintly glowing lead amulet
 34232 | D:13     | Identified an amulet of Fomudaawo {Reflect Fragile rC+ rN+
                  | SH+5} (You found it on level 13 of the Dungeon)
 34607 | Spider:1 | Entered Level 1 of the Spider Nest
 34609 | Spider:1 | Noticed Agnes
 34619 | Spider:1 | Killed Agnes
 34653 | Spider:1 | Found a frozen archway.
 34659 | IceCv    | Entered an ice cave
 35332 | IceCv    | Noticed an Ice Fiend
 35340 | IceCv    | Killed an Ice Fiend
 35340 | IceCv    | Received a gift from Okawaru
 35349 | IceCv    | Got ichor-stained gold dragon scales
 35364 | IceCv    | Identified the cursed +1 gold dragon scales "Caivor" {rElec
                  | rPois rF+ rC+ Int+4 Dex+4} (You found it in an ice cave)
 35746 | Spider:1 | Got a flickering ivory ring
 35747 | Spider:1 | Identified the cursed ring of Acunyen {rC+++ Str-5 Dex-4
                  | SInv} (You found it on level 1 of the Spider Nest)
 36113 | Spider:1 | Reached skill level 19 in Shields
 36833 | Spider:2 | Found a transporter.
 37030 | Spider:2 | Noticed Aizul
 37054 | Spider:2 | Killed Aizul
 37054 | Spider:2 | Received a gift from Okawaru
 37351 | Spider:2 | You fall into a shaft and drop 1 floor!
 37973 | Spider:3 | Reached XP level 17. HP: 125/158 MP: 18/18
 38198 | Spider:3 | Found a transporter.
 38200 | Spider:3 | Found a transporter.
 38245 | Spider:3 | Noticed Vuykkinei's ghost (adept TrBe)
 38249 | Spider:3 | Found a one-way gate to the infinite horrors of the Abyss.
 38302 | Spider:3 | Received a gift from Okawaru
 39749 | Spider:2 | Noticed Kirke
 39757 | Spider:2 | Killed Kirke
 39843 | Spider:2 | Found a runed translucent door.
 39843 | Spider:2 | Noticed Lomuyh's ghost (journeyman GnSk)
 39853 | Spider:2 | Killed Lomuyh's ghost
 39861 | Spider:2 | Got a dazzling spear
 39862 | Spider:2 | Identified the +4 spear "Hydraslayer" {holy, rPois rC+}
                  | (You found it on level 2 of the Spider Nest)
 39997 | Spider:2 | Found a transporter.
 40107 | Spider:2 | Gained mutation: You are clumsy. (Dex -2) [mutagenic glow]
 40131 | Spider:2 | Gained mutation: You do not regenerate when monsters are
                  | visible. [mutagenic glow]
 40202 | Spider:2 | Gained mutation: You are dopey. (Int -2) [mutagenic glow]
 40230 | Spider:2 | Gained mutation: You are very clumsy. (Dex -4) [mutagenic
                  | glow]
 40450 | Spider:2 | Got a scorched bone ring
 40462 | Spider:2 | Got a crude golden ring
 40463 | Spider:2 | Identified the ring of Wecev {+Fly Slay+4} (You found it on
                  | level 2 of the Spider Nest)
 40464 | Spider:2 | Identified the ring "Rewnuvuo" {rC+ MR+ Str+3} (You found
                  | it on level 2 of the Spider Nest)
 40576 | Spider:3 | Reached skill level 20 in Shields
 40585 | Spider:3 | Killed Vuykkinei's ghost
 40585 | Spider:3 | Received a gift from Okawaru
 41241 | Spider:3 | Got a pair of smoking boots {god gift}
 41252 | Spider:3 | Identified the +2 pair of boots "Batuj" {rN+} (Okawaru
                  | gifted it to you on level 3 of the Spider Nest)
 41719 | Shoals:1 | Entered Level 1 of the Shoals
 41750 | Shoals:1 | Slain by a merfolk

Illustrated notes

Levels and vault maps discovered:
D:1:      sevenhm_arrival_forest_fort_small_6, layout_basic, minmay_pentomino_s2
D:2:      layout_basic, kennysheep_generic_room_3
D:3:      layout_basic, overflow_temple_1_default, uniq_robin, uniq_terence
D:4:      layout_layer_cave, minmay_temple_entry_mini_moons,
          cheibriados_altar_1, uniq_natasha, uniq_blork_the_orc, uniq_pikel
D:5:      layout_loops_corners, chequers_temple_overflow_minitemple,
          first_ration, serial_shops, nicolae_shop_overgrown_old_shop,
          minmay_misc_feat_iff, fountainhead
D:6:      layout_loops_ring, minmay_misc_feat_four_crosses
D:7:      layout_gridville, okawaru_humans, fedhas_altar_2, serial_shops,
          nicolae_shop_window_shopping,
          nicolae_shop_competitors_out_of_business, shop, the_bakery
D:8:      layout_layer_cave, dpeg_lair_monsters, minmay_bent
D:9:      layout_basic, serial_shops, nicolae_shop_behind_doors,
          dk_noncrumbling_3, minmay_fire_ice_demons
D:10:     minmay_statue_hallways, layout_small_grid,
          gammafunk_ghost_wrathful_warriors
D:11:     minmay_the_grid_plus [minmay_the_grid_x, minmay_the_grid_tri_star,
          minmay_the_grid_dragon_a, minmay_the_grid_pillar_ring,
          minmay_the_grid_prize_four_corners_diamond_b], layout_basic
D:12:     layout_roguey, david_orc_4
D:13:     gammafunk_worm_tunnel, layout_irregular_city, serial_shops, shop,
          nicolae_sextant, onia_ninara_dug_in_and_dangerous
D:14:     layout_roguey, grunt_vaults_entry_tiered, uniq_snorg
D:15:     hangedman_depths_entry_try_elsewhere_first, layout_long_grid,
          nicolae_lava_and_water
Temple:   nicolae_temple_elliptical
Lair:1:   layout_roguey, basic_altar, gammafunk_ghost_necromancy
Lair:2:   layout_hall_layers, grunt_forest_large_clearing_hut
Lair:3:   layout_big_grid, minmay_shoals_entry_beasts, spider_nest_entry_a,
          minivault_26, lemuel_fruit_tree, grunt_megastairs_3
Lair:4:   layout_cellular_growth, dpeg_oklob_1, lemuel_fruit_fields,
          serial_bayou_shore_a, uniq_sonja
Lair:5:   layout_roguey, slime_altar_2, serial_bayou_shore_b,
          lemuel_fruit_fields, grunt_megastairs_2, uniq_rupert
Lair:6:   evilmike_catoblepas_cave, layout_regular_city, columned_hall_lemuel
Shoals:1: layout_shoals, dpeg_stationary_puzzle
Spider:1: cheibrodos_forgotten_conduit, portal_ice_cave_entry_pillars_three,
          uniq_agnes
Spider:2: gammafunk_its_a_trap, gammafunk_ghost_grave, uniq_aizul, uniq_kirke
Spider:3: layout_spider_delve, gammafunk_ghost_abyssal_escape
Orc:1:    layout_caves, serial_shops, shop
Orc:2:    st_orc_open, layout_diamond_mine, serial_shops, shop_fountains,
          uniq_donald

Skill      XL: |  1  2  3  4  5  6  7  8  9 10 11 12 13 14 15 16 17 |
---------------+----------------------------------------------------+-----
Armour         | 4 5 6 7 9 10 11 12 13 14 15 16 | 16.9
Fighting       | 4 5 6 7 9 11 12 13 15 16 17 | 17.1
Shields        | 4 5 6 7 9 10 12 13 15 17 18 19 20 | 20.1
Long Blades    | 3 4 5 6 9 10 11 13 14 15 16 17 18 | 18.7
Dodging        | 1 2 3 |  3.4
Invocations    | 1 2 3 |  3.2
Stealth        | 1 2 |  2.2
Evocations     | 1 |  1.4

Action                   |  1- 3 |  4- 6 |  7- 9 | 10-12 | 13-15 | 16-18 || total
-------------------------+-------+-------+-------+-------+-------+-------++-------
Melee: Long sword        |    66 |   264 |   116 |       |       |       ||   446
       Headbutt          |    14 |    41 |   102 |   280 |   345 |   221 ||  1003
       Falchion          |       |       |   308 |   695 |       |       ||  1003
       Demon blade       |       |       |       |   281 |  1069 |   702 ||  2052
       Scimitar          |       |       |       |       |    11 |       ||    11
       Eudemon blade     |       |       |       |       |       |    50 ||    50
Invok: Heroism           |       |       |     3 |    13 |     7 |    15 ||    38
 Abil: Evoke Flight      |       |       |       |       |       |     4 ||     4
Evoke: Wand              |       |       |     7 |     2 |     3 |       ||    12
  Use: Scroll            |       |     5 |     5 |    10 |    11 |    21 ||    52
       Potion            |       |     2 |       |     3 |       |     5 ||    10
 Stab: Paralysed         |       |       |       |       |     1 |       ||     1
  Eat: Chunk             |     2 |     9 |    14 |    26 |    35 |    21 ||   107
       Ration            |       |       |       |     3 |     2 |     4 ||     9
Armor: Scale mail        |    22 |    31 |       |       |       |       ||    53
       Chain mail        |       |   107 |    53 |       |       |       ||   160
       Plate armour      |       |       |   138 |   313 |       |       ||   451
       Crystal plate arm |       |       |       |    18 |   583 |   601 ||  1202
Dodge: Dodged            |    21 |    73 |    76 |   203 |   220 |   219 ||   812
Block: Kite shield       |    35 |   147 |   204 |   558 |   739 |   635 ||  2318
       Rpst.: Long sword |     4 |    27 |     7 |       |       |       ||    38
       Falchion          |       |       |     8 |    24 |       |       ||    32
       Demon blade       |       |       |       |    14 |    51 |    31 ||    96
       Scimitar          |       |       |       |       |     1 |       ||     1
       Eudemon blade     |       |       |       |       |       |     3 ||     3
